Map: Neon Violet Square LE

Players

JonSnow

  • Race: Zerg Zerg
  • League: Grandmaster
  • Spawn Location: 11:00

SpeCial - Winner!

  • Race: Terran Terran
  • League: Master
  • Spawn Location: 5:00

VOD

Have the link to the VOD?

Description

Time

  • Played on: Dec. 24, 2017, 8:18 p.m.
  • Length: 10:05
Show
View Real Time Build Order
Export as new Build Order

JonSnow Zerg 

Build Orders: Hatch First 

Get SALT Encoding   

  12  0:01  Drone  
  13  0:08  Drone  
  14  0:18  Overlord  
  14  0:22  Extractor  
  14  0:24  Drone  
  15  0:37  Drone x2  
  17  0:45  Drone  
  18  0:56  Hatchery  
  17  1:00  Drone  
  18  1:07  Drone  
  19  1:14  Extractor  
  19  1:17  Spawning Pool  
  17  1:20  Drone  
  18  1:27  Drone  
  19  1:38  Overlord  
  19  1:48  Drone  
  20  2:00  Drone  
  21  2:04  Queen  
  21  2:07  Queen  
  25  2:08  Zergling x2  
  26  2:15  Metabolic Boost  
  26  2:18  Zergling x2  
  26  2:19  Zergling x2  
  28  2:32  Hatchery  
  27  2:42  Drone  
  27  2:43  Drone x2  
  29  2:48  Drone x2  
  31  2:53  Drone  
  31  2:55  Overlord  
  32  3:04  Queen  
  34  3:09  Zergling x4  
  36  3:15  Drone x3  
  36  3:19  Overlord  
  39  3:24  Drone x2  
  39  3:26  Drone  
  42  3:29  Overlord  
  42  3:40  Queen  
  44  3:46  Queen  
  44  3:48  Drone x3  
  49  3:55  Zergling x2  
  49  3:56  Zergling x8  
  49  3:59  Zergling x4  
  55  4:04  Overlord  
  55  4:07  Drone x2  
  57  4:10  Overlord  
  57  4:14  Lair  
  57  4:17  Drone  
  56  4:28  Extractor  
  56  4:29  Extractor  
  56  4:31  Baneling Nest  
  52  4:34  Drone x7  
  52  4:35  Drone  
  58  4:41  Drone  
  58  4:42  Drone x2, Spore Crawler  
  60  4:46  Drone x2  
  60  4:49  Zergling x2  
  60  4:50  Zergling x2  
  60  4:51  Zergling x2  
  65  4:58  Zergling x6  
  68  5:01  Overlord  
  68  5:02  Extractor  
  67  5:07  Overlord  
  67  5:09  Drone x4  
  71  5:14  Baneling x3  
  71  5:19  Zergling x10  
  71  5:26  Overseer  
  66  5:28  Zergling x2  
  66  5:29  Zergling x2  
  65  5:39  Zergling x12  
  66  5:43  Queen x2  
  66  5:47  Zergling x10  
  72  5:56  Zergling x2  
  74  5:57  Zergling x4  
  74  6:00  Queen  
  74  6:01  Baneling x3  
  70  6:08  Zergling x8  
  67  6:18  Zergling x4  
  62  6:24  Drone x4  
  65  6:27  Centrifical Hooks  
  65  6:28  Evolution Chamber  
  65  6:29  Drone  
  65  6:32  Evolution Chamber  
  64  6:33  Drone  
  64  6:34  Drone  
  66  6:44  Hydralisk Den  
  64  6:50  Drone x3  
  66  6:54  Overlord  
  66  6:59  Overlord x4  
  66  7:09  Overlord  
  66  7:13  Hydralisk x3  
  72  7:22  Baneling x3  
  71  7:29  Hydralisk x3, Muscular Augments  
  71  7:34  Drone x4  
  71  7:35  Drone  
  80  7:39  Hydralisk  
  80  7:40  Hydralisk  
  84  7:44  Hydralisk  
  84  7:49  Hydralisk x2  
  90  7:56  Overlord x3  
  90  7:59  Hydralisk  
  90  8:04  Hydralisk x2  
  96  8:11  Hydralisk x2  
  96  8:12  Zergling x2  
  85  8:22  Zergling x2  
  85  8:23  Zergling x12  
  85  8:25  Hydralisk x2  
  85  8:35  Hydralisk x3  
  85  8:40  Hydralisk x3  
  97  8:47  Hydralisk x2  
  90  8:48  Zergling x2  
  90  8:55  Hydralisk  
  83  8:58  Hydralisk x3  
  83  8:59  Zergling x2  
  91  9:04  Hydralisk  
  91  9:08  Zergling x10  
  98  9:12  Hydralisk  
  100  9:20  Hydralisk x2  
  100  9:23  Zergling x2  
  105  9:29  Zergling x2  
  105  9:30  Zergling x2  
  104  9:34  Zergling x8  
  109  9:40  Zergling x4  
  109  9:45  Zergling x6  
Show
View Real Time Build Order
Export as new Build Order

SpeCial Terran - Winner!

Build Orders: Reaper Expand, Hellion Banshee, Mech 

Get SALT Encoding   

  12  0:01  SCV  
  13  0:13  SCV  
  14  0:18  Supply Depot  
  14  0:25  SCV  
  15  0:39  SCV  
  15  0:40  Barracks  
  16  0:44  Refinery  
  16  0:52  SCV  
  17  1:04  SCV  
  18  1:16  SCV  
  19  1:27  Reaper  
  19  1:28  Orbital Command  
  20  1:41  Command Center  
  20  1:51  Supply Depot  
  20  1:54  SCV  
  20  1:59  Marine  
  22  2:05  Factory  
  22  2:09  SCV  
  23  2:16  Refinery  
  23  2:21  SCV  
  24  2:22  Barracks Reactor  
  24  2:33  SCV  
  25  2:45  SCV  
  26  2:52  Starport  
  26  2:55  Orbital Command  
  26  2:57  SCV  
  27  3:04  Hellion  
  27  3:05  Hellion  
  31  3:09  SCV  
  31  3:10  Barracks Tech Lab  
  32  3:21  SCV x2  
  32  3:26  Supply Depot, Hellion  
  32  3:27  Hellion  
  38  3:32  Viking  
  38  3:33  SCV  
  41  3:39  SCV  
  42  3:46  SCV  
  42  3:48  Hellion  
  45  3:49  Supply Depot, Hellion  
  45  3:54  SCV  
  48  3:58  SCV  
  49  4:06  SCV  
  49  4:07  Armory  
  49  4:09  Cloaking Field  
  50  4:10  Medivac, SCV  
  50  4:16  Supply Depot  
  53  4:18  SCV  
  53  4:22  Hellion x2, SCV  
  59  4:30  SCV  
  59  4:34  SCV  
  60  4:39  Supply Depot, Banshee  
  60  4:42  SCV  
  60  4:44  Hellion  
  66  4:46  SCV  
  66  4:48  Hellion  
  69  4:54  SCV  
  70  5:02  Command Center  
  70  5:03  SCV  
  70  5:04  Supply Depot  
  70  5:07  Hellion, SCV  
  72  5:13  Hellion  
  76  5:15  SCV  
  76  5:21  SCV  
  78  5:25  Banshee  
  78  5:27  SCV  
  80  5:30  Factory  
  80  5:31  Factory  
  80  5:33  SCV  
  79  5:37  Refinery x2  
  79  5:39  SCV  
  72  5:45  SCV  
  69  5:51  SCV  
  69  5:54  Hellion x2  
  74  5:58  SCV  
  74  6:03  Barracks Tech Lab  
  75  6:05  SCV  
  75  6:10  SCV  
  75  6:15  Hellion x2  
  75  6:17  SCV  
  74  6:22  Terran Vehicle Weapons Level 1  
  74  6:23  SCV  
  68  6:29  SCV  
  68  6:30  Orbital Command, Starport Reactor  
  69  6:34  Thor  
  69  6:35  SCV  
  69  6:37  Hellion x2  
  80  6:41  SCV  
  80  6:42  Thor  
  87  6:47  SCV  
  87  6:54  SCV  
  89  6:55  SCV  
  89  6:56  Refinery x2  
  89  6:58  Hellion x2  
  89  6:59  SCV  
  95  7:05  Supply Depot  
  95  7:06  SCV, Medivac x2  
  95  7:07  SCV  
  100  7:11  SCV  
  101  7:27  Siege Tank, Hellion x2, SCV  
  109  7:32  Supply Depot, Factory x2  
  109  7:33  Supply Depot  
  109  7:42  Infernal Pre-Igniter  
  109  7:46  Supply Depot  
  109  7:47  Supply Depot, SCV x3  
  109  7:48  Starport Reactor  
  109  7:49  Supply Depot  
  109  7:50  Siege Tank, Hellion x2  
  116  7:59  SCV x3  
  116  8:03  Command Center  
  119  8:11  Hellion x2, SCV x2  
  119  8:12  Liberator  
  121  8:13  Siege Tank  
  121  8:14  SCV  
  121  8:16  Liberator  
  113  8:23  SCV  
  113  8:26  Siege Tank  
  113  8:33  Hellion x2  
  122  8:45  Siege Tank, SCV  
  126  8:52  SCV  
  126  8:54  Hellion x2  
  129  8:57  Factory Tech Lab  
  129  8:58  Factory x2, Siege Tank, SCV x2  
  134  9:05  SCV  
  134  9:07  Hellion x2  
  139  9:15  Hellion x2  
  139  9:17  Command Center  
  143  9:19  Hellion x2  
  143  9:21  Orbital Command  
  143  9:22  Refinery  
  147  9:31  Siege Tank  
  148  9:34  Viking, Hellion  
  148  9:35  Viking, Hellion  
  148  9:37  Hellion x2  
  148  9:38  Refinery  
  158  9:44  Armory  
  161  9:52  Factory Tech Lab  
  159  9:53  Factory Reactor  
Tags
 
Add a new tag
Caveats
  • Supply blocks, unpowered buildings, or Contaminate may cause inaccurate times.
  • Supply counts are checked every 10 seconds.